 Dungeon Crawl Stone Soup version 0.31-a0-799-g6bc09d010c (webtiles) character file.

Game seed: 16093520739624007610

385 arthad the Magician (level 6, -9/34 HPs)
             Began as a Deep Elf Fire Elementalist on Sept 19, 2023.
             Was an Initiate of Vehumet.
             Mangled by a gnoll sergeant
             ... wielding a +0 trident
              (12 damage)
             ... on level 4 of the Dungeon.
             The game lasted 00:08:55 (2973 turns).

arthad the Magician (Deep Elf Fire Elementalist)    Turns: 2973, Time: 00:08:55

Health: -9/34      AC:  2    Str:  5    XL:     6   Next: 48%
Magic:  8/15       EV: 14    Int: 22    God:    Vehumet [......]
Gold:   157        SH:  0    Dex: 21    Spells: 5/15 levels left

rFire   . . .        c - +0 dagger (venom)
rCold   . . .        (no shield)
rNeg    . . .        a - +0 robe
rPois   .            (no helmet)
rElec   .            (no cloak)
rCorr   +            (no gloves)
SInv    .            (no boots)
Will    .....        (no amulet)
Stlth   +++          d - ring of resist corrosion
HPRegen 0.25/turn    p - +6 ring of dexterity
MPRegen 0.14/turn

%: no passive effects
@: no status effects
A: no striking features
a: Renounce Religion


You were on level 4 of the Dungeon.
You worshipped Vehumet.
Vehumet was noncommittal.
You visited 1 branch of the dungeon, and saw 4 of its levels.

You collected 157 gold pieces.

Inventory:

Hand Weapons
 c - a +0 dagger of venom (weapon)
Missiles
 m - 2 javelins
 n - 4 poisoned darts
 o - 2 boomerangs
Armour
 a - a +0 robe (worn)
 h - a +4 ring mail
Jewellery
 d - a ring of resist corrosion (left hand)
 p - a +6 ring of dexterity (right hand)
Wands
 k - a wand of flame (23)
Scrolls
 f - a scroll of fog {unknown}
 g - 2 scrolls of blinking {unknown}
 i - a scroll of summoning {unknown}
 j - 3 scrolls of identify {unknown}
 l - 2 scrolls of immolation {unknown}
Potions
 e - a potion of degeneration


   Skills:
 + Level 1.3 Fighting
 + Level 3.6 Dodging
 + Level 3.9 Stealth
 * Level 5.0 Spellcasting
 * Level 3.5 Conjurations
 + Level 0.3 Translocations
 * Level 4.6 Fire Magic


You had 5 spell levels left.
You knew the following spells:

 Your Spells              Type           Power      Damage    Failure   Level
a - Foxfire               Conj/Fire      92%        2x1d8     1%          1
b - Scorch                Fire           52%        2d7       2%          2
c - Flame Wave            Conj/Fire      23%        2d8       19%         4
d - Volatile Blastmotes   Fire/Tloc      32%        2d12      11%         3

Your spell library contained the following spells:

 Spells                   Type           Power      Damage    Failure   Level
 Magic Dart               Conj           80%        1d7       2%          1
 Inner Flame              Hex/Fire       15%        N/A       12%         3
 Cigotuvi's Dreadful Rot  Necr/Pois/Air  10%        N/A       16%         2
 Ignite Poison            Fire/Tmut/Pois 12%        N/A       16%         3
 Ozocubu's Armour         Ice            5%         N/A       30%         3
 Iskenderun's Mystic Bla  Conj/Tloc      13%        2d5       41%         4
 Fulminant Prism          Conj/Hex       6%         3d6       43%         4
 Freezing Cloud           Conj/Ice/Air   5%         6-21      86%         5
 Metabolic Englaciation   Hex/Ice        2%         N/A       95%         5
 Simulacrum               Ice/Necr       2%         N/A       100%        6


Dungeon Overview and Level Annotations

Branches:
Dungeon (4/15)
 Temple: D:4-7

Altars:
Fedhas
Kikubaaqudgha
Sif Muna
Vehumet


Message History

The gnoll sergeant is heavily wounded.
The foxfire hits the gnoll sergeant but does no damage.
The gnoll sergeant is heavily wounded.
The gnoll sergeant hits you from afar with a +0 trident!
Magic courses through your body. The gnoll sergeant closely misses you.
You conjure some foxfire!
The gnoll sergeant barely misses you.
You conjure some foxfire!
The gnoll sergeant is no longer more vulnerable to fire.
The foxfire hits the gnoll sergeant.
The gnoll sergeant is heavily wounded.
The gnoll sergeant hits you from afar with a +0 trident!
* * * LOW HITPOINT WARNING * * *
You are too injured to fight recklessly!
Casting: Foxfire (safe; 1% risk of failure)
Confirm with . or Enter, or press ? or * to list all spells.
Flames lash the gnoll.
The gnoll is moderately wounded.
The gnoll's fire resistance burns away.
The foxfire hits the gnoll sergeant but does no damage.
The gnoll sergeant is heavily wounded.
The foxfire hits the gnoll sergeant but does no damage.
The gnoll sergeant is heavily wounded.
The foxfire hits the gnoll sergeant.
The gnoll sergeant is severely wounded.
The gnoll sergeant hits you from afar with a +0 trident.
* * * LOW HITPOINT WARNING * * *
Casting: Scorch (safe; 2% risk of failure)
Confirm with . or Enter, or press ? or * to list all spells.
Flames lash the gnoll.
The gnoll is burned terribly!
You kill the gnoll!
Vehumet accepts your kill.
The gnoll sergeant hits you from afar with a +0 trident.
* * * LOW HITPOINT WARNING * * *
Casting: Scorch (safe; 2% risk of failure)
Confirm with . or Enter, or press ? or * to list all spells.
Flames lash the gnoll sergeant.
The gnoll sergeant is almost dead.
The gnoll sergeant's fire resistance burns away.
The gnoll sergeant hits you from afar with a +0 trident!
You die...

##.# ...################
..>##.##.........)###...
................@)g)....
..........†.......###...
......##..........#
...####...........#
.....##...........#
...#....#'#########
##.#.##.#.# .#.#.##.#.#
.#.#.##...#


You could see a gnoll sergeant (combustible).

Vanquished Creatures
  An ogre (D:4)
  Blork the orc (D:4)
  Jessica (D:3)
  2 orc wizards (D:3)
  5 gnolls (D:4)
  2 adders
  An ufetubus (D:4)
  A worm (D:3)
  A dart slug (D:1)
  12 orcs (D:3)
  3 ball pythons
  5 endoplasms
  7 giant cockroaches
  4 goblins
  3 hobgoblins
  3 jackals (D:4)
  4 quokkas
  3 bats (D:1)
  A frilled lizard (D:1)
  6 kobolds
  2 rats
68 creatures vanquished.

Vanquished Creatures (others)
  225 foxfires
225 creatures vanquished.

Grand Total: 293 creatures vanquished

Notes
Turn   | Place    | Note
-------+----------+-------------------------------------------
     0 | D:1      | arthad the Deep Elf Fire Elementalist began the quest for
                  | the Orb.
     0 | D:1      | Reached XP level 1. HP: 10/10 MP: 6/6
   227 | D:1      | Reached XP level 2. HP: 15/15 MP: 6/8
  1248 | D:2      | Reached XP level 3. HP: 19/19 MP: 4/9
  1490 | D:3      | Found a radiant altar of Vehumet.
  1490 | D:3      | Found an ancient bone altar of Kikubaaqudgha.
  1675 | D:3      | Found a faded altar of an unknown god.
  1681 | D:3      | Reached XP level 4. HP: 23/23 MP: 8/11
  1696 | D:3      | Learned a level 2 spell: Scorch
  1701 | D:3      | Learned a level 4 spell: Flame Wave
  1705 | D:3      | Learned a level 3 spell: Volatile Blastmotes
  1818 | D:3      | Reached skill level 4 in Spellcasting
  1983 | D:3      | Found a shimmering blue altar of Sif Muna.
  1993 | D:3      | Got a levitating book
  1995 | D:3      | Became a worshipper of Vehumet
  2105 | D:3      | Noticed Jessica
  2110 | D:3      | Killed Jessica
  2111 | D:3      | Reached XP level 5. HP: 28/28 MP: 8/13
  2543 | D:4      | Noticed Blork the orc
  2548 | D:4      | Killed Blork the orc
  2549 | D:4      | Reached skill level 1 in Fighting
  2598 | D:4      | Noticed an ogre
  2605 | D:4      | Killed an ogre
  2606 | D:4      | Reached XP level 6. HP: 34/34 MP: 5/15
  2702 | D:4      | Found a blossoming altar of Fedhas.
  2964 | D:4      | Reached skill level 5 in Spellcasting
  2973 | D:4      | Mangled by a gnoll sergeant

Illustrated notes

Levels and vault maps discovered:
D:1:      nicolae_arrival_washed_ashore, layout_rooms
D:2:      layout_basic, minmay_door_square, minmay_worlds_worst_comb
D:3:      layout_basic, grunt_temple_overflow_magic_moments,
          shapermc_ecumenical_altar_starsandcircs, grunt_decor_junction,
          uniq_jessica
D:4:      layout_basic, pf_just_have_faith, general_overflow_altar,
          nrook_campfire, moated_statue, nicolae_grassy_gnolls,
          uniq_blork_the_orc

Skill      XL: |  1  2  3  4  5  6 |
---------------+-------------------+-----
Stealth        | 3 |  3.9
Conjurations   | 2 3 |  3.5
Dodging        | 3 |  3.6
Spellcasting   | 4 5 |  5.0
Fire Magic     | 4 |  4.6
Fighting       | 1 |  1.3
Translocations | |  0.3

Action                     |  1- 3 |  4- 6 || total
---------------------------+-------+-------++-------
  Melee: Dagger            |     3 |     1 ||     4
         Punch             |     1 |       ||     1
   Cast: Foxfire           |    60 |    72 ||   132
         Scorch            |       |     8 ||     8
    Use: Potion            |     2 |     1 ||     3
 Armour: Robe              |    18 |    13 ||    31
  Dodge: Dodged            |    12 |    18 ||    30

Table legend: (Time is in decaauts)
 A = Elapsed time spent in this place.
 B = Non-inter-level travel time spent in this place.
 C = Inter-level travel time spent in this place.
 D = Time resting spent in this place.
 E = Time spent auto-exploring this place.
 F = Levels seen in this place.
 G = Mean time per level.
                   A        B        C        D        E       F      G
               +--------+--------+--------+--------+--------+-----+--------+
         Total |   2970 |   2889 |     81 |    110 |   2310 |   4 |  742.5 |
       Dungeon |   2970 |   2889 |     81 |    110 |   2310 |   4 |  742.5 |
               +--------+--------+--------+--------+--------+-----+--------+

Top non-repeatable levels by time:
     D:3: 964 daAuts
     D:2: 893 daAuts
     D:1: 684 daAuts
     D:4: 429 daAuts
